Map: Nightshade LE

Players

SmackWitch - Winner!

  • Race: Protoss Protoss
  • League: Silver
  • Spawn Location: 11:00

antagomiR

  • Race: Protoss Protoss
  • League: Gold
  • Spawn Location: 5:00

VOD

Have the link to the VOD?

Description

Time

  • Played on: April 4, 2020, 5:47 p.m.
  • Length: 5:53
Show
View Real Time Build Order
Export as new Build Order

SmackWitch Protoss - Winner!

Build Orders:  

Get SALT Encoding   

  12  0:01  Probe (Chrono Boost)  
  13  0:11  Probe (Chrono Boost)  
  14  0:24  Pylon  
  14  0:25  Probe  
  15  0:42  Probe  
  16  0:46  Gateway  
  17  0:57  Probe (Chrono Boost)  
  17  1:01  Assimilator  
  17  1:13  Gateway  
  17  1:15  Probe (Chrono Boost)  
  18  1:22  Probe  
  19  1:34  Zealot  
  21  1:42  Cybernetics Core  
  21  1:50  Gateway  
  21  1:59  Pylon  
  21  2:01  Zealot  
  23  2:14  Pylon  
  23  2:17  Zealot  
  23  2:20  Probe  
  26  2:23  Warp Gate  
  26  2:31  Twilight Council  
  26  2:35  Zealot  
  28  2:46  Probe (Chrono Boost)  
  29  2:52  Zealot  
  29  2:53  Zealot  
  33  3:02  Pylon  
  33  3:05  Charge (Chrono Boost)  
  33  3:12  Zealot  
  35  3:23  Pylon  
  35  3:31  Zealot  
  37  3:43  Zealot x2  
  41  4:00  Pylon  
  41  4:24  Zealot x3  
  47  4:34  Assimilator  
  45  4:45  Stalker x3  
  47  5:12  Stalker x3  
  51  5:37  Zealot x3  
Show
View Real Time Build Order
Export as new Build Order

antagomiR Protoss 

Build Orders:  

Get SALT Encoding   

  12  0:01  Probe  
  13  0:13  Probe  
  14  0:19  Pylon  
  14  0:25  Probe  
  15  0:38  Gateway  
  15  0:43  Probe  
  16  0:55  Probe  
  17  1:01  Assimilator  
  17  1:10  Probe  
  18  1:14  Assimilator  
  18  1:22  Probe  
  19  1:34  Probe  
  20  1:41  Cybernetics Core  
  20  1:46  Probe, Pylon  
  21  2:10  Probe  
  21  2:12  Nexus  
  21  2:13  Warp Gate (Chrono Boost)  
  22  2:23  Probe  
  22  2:25  Robotics Facility  
  22  2:28  Adept (Chrono Boost)  
  25  2:39  Pylon  
  25  2:52  Probe  
  25  2:58  Shield Battery  
  26  3:04  Probe  
  27  3:11  Gateway  
  27  3:14  Observer  
  27  3:16  Probe  
  29  3:24  Probe  
  30  3:28  Probe, Stalker  
  33  3:36  Probe, Observer  
  33  3:37  Pylon  
  35  3:44  Probe  
  37  3:48  Probe  
  37  3:56  Probe  
  37  4:00  Probe  
  37  4:01  Pylon  
  39  4:08  Probe  
  39  4:09  Sentry x2  
  44  4:12  Probe  
  36  4:53  Stalker x2  
  36  4:58  Immortal (Chrono Boost)  
  41  5:19  Zealot x2  
  41  5:20  Gateway  
  20  5:43  Stalker x2  
Tags
 
Matchup
PvP
Replay Pack
20200422
Spawn Locations
Cross Positions
Add a new tag
Caveats
  • Supply blocks, unpowered buildings, or Contaminate may cause inaccurate times.
  • Supply counts are checked every 10 seconds.